 Dungeon Crawl Stone Soup version 0.20-a0-853-gabbfcfc (webtiles) character file.

162720 AlphabetPasta the Devastator (level 17, -5/111 HPs)
             Began as a Grey Draconian Conjurer on Mar 8, 2017.
             Was the Champion of Vehumet.
             Slain by a bog body (10 damage)
             ... on level 2 of the Swamp on Mar 10, 2017.
             The game lasted 04:12:25 (43493 turns).

AlphabetPasta the Devastator (DrCj)                Turns: 43493, Time: 04:12:28

Health: -5/111     AC: 17    Str: 15    XL:     17   Next: 22%
Magic:  31/50      EV: 10    Int: 21    God:    Vehumet [******]
Gold:   2499       SH:  4    Dex:  7    Spells: 6/44 levels left

rFire    . . .     SeeInvis +   N - staff of power
rCold    + + .     Gourm    +   (armour unavailable)
rNeg     + . .     Faith    .   X - +0 buckler
rPois    +         Spirit   .   f - +1 hat
rElec    +         Reflect  .   G - +0 cloak
rCorr    .         Harm     .   x - +0 pair of gloves
MR       +....                  (no boots)
Stlth    +.........             n - amulet of the gourmand
Regen    0.3/turn               I - ring of Fun {rElec rC++ rN+ Dex-5 Slay+2}
MPRegen  0.4/turn               L - ring of Kuoweaxt {rPois Str+3 Slay-6 SInv}

@: lethally poisoned (-5 -> -12), about to teleport, grasped by roots, very slow
A: walk through water, unfitting armour, unbreathing, cold-blooded, AC +14
a: Renounce Religion


You were on level 2 of the Swamp.
You worshipped Vehumet.
Vehumet was exalted by your worship.
You were not hungry.

You visited 5 branches of the dungeon, and saw 27 of its levels.
You also visited: Labyrinth.

You collected 3044 gold pieces.
You spent 545 gold pieces at shops.

Inventory:

Armour
 f - a +1 hat (worn)
 x - a +0 pair of gloves (worn)
 G - a +0 cloak (worn)
 X - a +0 buckler (worn)
Magical Staves
 N - an uncursed staff of power (weapon)
Jewellery
 h - an uncursed ring of ice
 n - an amulet of the gourmand (around neck)
 I - the ring of Fun (right hand) {rElec rC++ rN+ Dex-5 Slay+2}
   (You acquired it on level 12 of the Dungeon)

   [ring of positive energy]

   It affects your dexterity (-5).
   It affects your accuracy and damage with ranged weapons and melee attacks
   (+2).
   It greatly protects you from cold.
   It insulates you from electricity.
   It protects you from negative energy.
 L - the ring of Kuoweaxt (left hand) {rPois Str+3 Slay-6 SInv}
   (You found it on level 6 of the Lair of Beasts)

   [ring of see invisible]

   It affects your strength (+3).
   It affects your accuracy and damage with ranged weapons and melee attacks
   (-6).
   It protects you from poison.
   It lets you see invisible.
 Y - the ring "Fegh" {rPois rF+ Str+4}
   (You took it off a human on level 14 of the Dungeon)

   [ring of strength]

   It affects your strength (+4).
   It protects you from fire.
   It protects you from poison.
Wands
 e - a wand of confusion (21/48)
 u - a wand of digging (16/24)
 v - a wand of lightning (6/15)
 w - a wand of polymorph (7/24)
 E - a wand of iceblast (6/15)
 K - a wand of acid (6/15)
 P - a wand of disintegration (16/24)
 R - a wand of paralysis (15/24)
 Z - a wand of iceblast (5/15)
Scrolls
 m - a scroll of magic mapping
 o - a scroll of fog
 p - 4 scrolls of teleportation
 q - 4 scrolls of recharging
 t - 12 scrolls of remove curse
 D - 4 scrolls of enchant armour
 H - 4 scrolls of amnesia
 M - a scroll of fear
 Q - 2 scrolls of identify
 W - a scroll of holy word
Potions
 a - a potion of heal wounds
 g - 2 potions of berserk rage
 j - 7 potions of curing
 k - 3 potions of might
 r - 2 potions of agility
 s - 4 potions of cancellation
 z - 3 potions of resistance
 A - 5 potions of brilliance
 B - a potion of invisibility
 O - a potion of ambrosia
 T - 2 potions of magic
 U - 4 potions of flight
Books
 b - a book of Power

   Spells                             Type                      Level
   a - Iskenderun's Battlesphere      Conjuration/Charms           5
   b - Venom Bolt                     Conjuration/Poison           5
   c - Bolt of Magma                  Conjuration/Fire/Earth       5
   d - Iron Shot                      Conjuration/Earth            6
   e - Orb of Destruction             Conjuration                  7
   f - Spellforged Servitor           Conjuration/Summoning        7
 i - Sif Muna's Tome of Necromancy and the Birds
   (You acquired it in a labyrinth)

   Spells                             Type                      Level
   a - Poisonous Vapours              Poison/Air                   2
   b - Lightning Bolt                 Conjuration/Air              5
   c - Dispel Undead                  Necromancy                   5
   d - Conjure Ball Lightning         Conjuration/Air              6
   e - Freezing Cloud                 Conjuration/Ice/Air          6
Comestibles
 c - 13 meat rations
 l - 18 bread rations
 J - 37 fruits
 V - 5 royal jellies


   Skills:
 + Level 9.8 Dodging
 - Level 1.7 Stealth
 - Level 4.0 Shields
 + Level 14.0 Spellcasting
 + Level 18.9 Conjurations
 + Level 12.4 Ice Magic
 * Level 12.9 Earth Magic


You had 6 spell levels left.
You knew the following spells:

 Your Spells              Type           Power        Failure   Level  Hunger
a - Magic Dart            Conj           ####         0%          1    None
b - Searing Ray           Conj           ######       0%          2    None
c - Iskenderun's Mystic   Conj           #######.     1%          4    None
d - Freeze                Ice            ####         1%          1    None
e - Iskenderun's Battles  Conj/Chrm      ######..     1%          5    ###....
f - Bolt of Cold          Conj/Ice       ######....   1%          6    #####..
g - Ozocubu's Refrigerat  Ice            ######....   1%          6    #####..
h - Iron Shot             Conj/Erth      ######....   1%          6    #####..
i - Orb of Destruction    Conj           #######...   1%          7    ######.


Dungeon Overview and Level Annotations

Branches:
Dungeon (15/15)            Temple (1/1) D:5            Lair (6/6) D:10
  Swamp (3/4) Lair:4       Spider (0/4) Lair:3        Slime (0/5) Lair:5
    Orc (2/2) D:11            Elf (0/3) Orc:2        Vaults (0/5) D:14
 Depths (0/5) D:15

Altars:
Ashenzari
Cheibriados
Dithmenos
Elyvilon
Fedhas
Gozag
Hepliaklqana
Kikubaaqudgha
Makhleb
Nemelex Xobeh
Okawaru
Qazlal
Ru
Sif Muna
Trog
Uskayaw
Vehumet
Wu Jian
Xom
Yredelemnul
Zin
The Shining One
Jiyva

Shops:
D:10 =   D:11 =?=?   Orc:2 %?*(


Innate Abilities, Weirdness & Mutations

You can walk through water.
Your dull iron-grey scales are very hard. (AC +14)
You cannot fit into any form of body armour.
You can survive without breathing.
You are cold-blooded and may be slowed by cold attacks.


Message History

The hornet stings you!
You are more poisoned.
You feel sick. The hornet stings you. The hornet stings you!
The shambling mangrove hits you. You block the bog body's attack.
The bog body closely misses you.
You climb upwards.
The grasping roots settle back into the ground.
You feel sick.
There is a stone staircase leading down here.
Casting: Iskenderun's Mystic Blast
Confirm with . or Enter, or press ? or * to list all spells.
Okay, then.
As you read the scroll of teleportation, it crumbles to dust.
You feel strangely unstable.
You feel sick.
Roots grasp at your feet, making movement difficult.
The hornet stings you but does no damage.
You block the hornet's attack. The shambling mangrove hits you!!
* * * LOW HITPOINT WARNING * * *
The bog body hits you!
You die...

♣♣♣ ♣♣.♣♣♣ ♣.♣♣.♣ ♣♣
♣.♣♣♣...≈♣ ♣♣♣≈..♣
♣♣♣♣♣♣ ♣.
♣.≈♣♣♣.♣.♣♣♣≈♣.≈.♣
♣.♣♣.♣ ♣♣♣♣.
.≈.♣♣♣...♣≈.♣♣<≈.♣
♣≈...♣♣♣.♣♣.
≈§≈.♣♣≈≈..≈.♣♣.≈.♣♣
♣§≈♣.=♣≈..♣.
.≈≈.♣..≈≈...♣..≈≈≈♣
♣≈♣...♣♣§♣≈≈
≈.≈..≈≈≈≈..♣♣≈....♣
♣....≈.♣≈♣≈≈
≈.♣≈≈≈≈≈≈≈♣♣♣≈≈f≈y♣
♣♣≈..♣≈§≈§.≈♣
≈.≈≈≈≈.≈≈♣♣ ♣...@.♣
♣.≈..♣..≈..≈≈
≈.♣.≈≈.≈.♣♣
♣≈≈ny.♣♣♣♣..♣♣.♣..≈.≈
..♣.≈≈≈≈..♣ ♣≈≈≈≈..♣
♣..♣♣♣...≈.≈
[.≈...≈≈♣≈♣ ♣.♣...>♣
♣.♣♣ ♣♣≈≈≈.≈
..≈≈≈≈≈≈≈≈♣
♣≈..≈≈.♣♣♣.♣ ♣≈♣≈.≈
≈≈≈≈≈≈.§♣≈♣
♣≈.≈≈♣.♣♣..♣ ♣.≈.<.
≈≈≈♣≈≈..≈≈♣
♣♣..≈≈..♣..♣ ♣♣≈§≈≈.
.≈≈≈≈≈.♣≈≈♣
♣.♣.≈≈♣≈..♣♣ ♣..≈.≈.
...≈≈≈≈♣.≈♣
♣≈≈.≈≈..≈≈≈♣ ♣♣.≈.♣≈


You could see a shambling mangrove, a bog body and 2 hornets.

Vanquished Creatures
  Agnes (D:15)
  A thorn hunter (Swamp:2)
  Donald (Swamp:2)
  Roxanne (Swamp:1)
  Louise (D:14)
  The ghost of Amciq the Protected, a journeyman MiFi of Uskayaw (Orc:2)
  2 stone giants
  Snorg (Orc:2)
  2 fire dragons
  A minotaur (Lab)
  Josephine (Orc:1)
  An ice dragon (D:15)
  Harold (D:12)
  15 hydras
  A rakshasa (D:14)
  A ghost crab (Swamp:2)
  2 vault guards (D:14)
  8 centaur warriors
  32 two-headed ogres
  2 death knights (D:15)
  5 ogre magi
  A tengu warrior (D:15)
  3 alligators (Swamp:1)
  A skeletal warrior (D:15)
  A glowing orange brain (shapeshifter) (D:14)
  3 unseen horrors
  2 swamp dragons (Swamp:1)
  A shambling mangrove (Swamp:1)
  3 wizards (D:14)
  2 spriggan druids
  A phantasmal warrior (D:15)
  2 necromancers (D:14)
  A wolf spider zombie (D:13)
  2 lindwurms (Lair:6)
  2 manticores
  Pikel (D:8)
  4 orc knights
  An orc sorcerer (D:15)
  18 ugly things
  3 wolf spiders
  A deep elf mage (D:14)
  4 cyclopes
  A faun (Lair:4)
  A moth of wrath (shapeshifter) (D:11)
  A guardian serpent (Lair:6)
  9 black mambas
  5 torpor snails (Lair:6)
  12 komodo dragons
  A gargoyle (D:15)
  21 spiny frogs
  6 freezing wraiths
  17 trolls
  A polar bear (Lair:6)
  A meliai (shapeshifter) (D:14)
  3 tengu conjurers
  A meliai zombie (D:15)
  8 tyrant leeches
  A wolf spider simulacrum (D:14)
  19 hornets
  5 bog bodies
  Prince Ribbit (D:5)
  9 blink frogs
  14 slime creatures
  3 hippogriffs
  6 spriggans
  A wyvern (shapeshifter) (D:13)
  2 shadows
  5 redbacks (Lair:6)
  4 basilisks
  49 yaks
  Eustachio (D:4)
  17 humans (D:14)
  6 wraiths
  9 wyverns
  11 vampire mosquitoes
  2 hungry ghosts
  11 swamp worms
  3 wargs
  8 insubstantial wisps (Swamp:1)
  A soldier ant (D:14)
  An acid dragon (D:15)
  34 water moccasins
  8 porcupines
  2 black bears
  5 swamp drakes
  2 sky beasts
  30 orc warriors
  9 ice beasts
  2 necrophages
  5 boggarts (D:10)
  45 ogres
  2 slaves (D:8)
  21 centaurs
  30 wolves
  17 crocodiles
  6 big kobolds
  A gnoll sergeant (Orc:2)
  17 bullfrogs
  2 wyvern zombies
  4 scorpions
  2 wyvern skeletons
  26 killer bees
  A wight (D:13)
  3 howler monkeys
  2 electric eels (D:10)
  9 crimson imps
  A bullfrog zombie (D:11)
  A quasit (D:13)
  2 centaur zombies
  2 jellies
  A gnoll shaman (D:9)
  22 orc priests
  15 hounds
  29 orc wizards
  8 centaur skeletons
  6 iguanas
  13 worker ants
  A killer bee zombie (D:10)
  2 hound zombies
  A hound skeleton (D:4)
  A worker ant zombie (D:8)
  12 gnolls
  21 adders
  A howler monkey skeleton (D:11)
  4 shadow imps
  2 oozes
  An adder zombie (D:6)
  3 worms
  7 dart slugs (D:1)
  10 leopard geckos
  121 orcs
  7 bats
  2 giant cockroaches
  6 hobgoblins
  4 jackals (D:9)
  31 kobolds
  5 quokkas
  A ball python (D:1)
  6 frilled lizards
  A giant cockroach zombie (D:5)
  4 goblins
  A quokka skeleton (D:5)
  5 rats
  A plant (Lair:6)
1061 creatures vanquished.

Vanquished Creatures (collateral kills)
  An ugly thing (D:14)
1 creature vanquished.

Vanquished Creatures (others)
  An ogre mage (D:15)
  An orc (D:15)
  49 bushes
  25 fungi
  50 plants
126 creatures vanquished.

Grand Total: 1188 creatures vanquished

Notes
Turn   | Place    | Note
-------+----------+-------------------------------------------
     0 | D:1      | AlphabetPasta the Draconian Conjurer began the quest for the Orb.
     0 | D:1      | Reached XP level 1. HP: 14/14 MP: 3/3
   256 | D:1      | Reached XP level 2. HP: 20/20 MP: 3/5
   263 | D:1      | Learned a level 2 spell: Searing Ray
   927 | D:1      | Reached XP level 3. HP: 24/26 MP: 3/6
  1801 | D:2      | Reached skill level 5 in Conjurations
  1840 | D:2      | Found a hide-covered altar of Uskayaw.
  1841 | D:2      | Found a blossoming altar of Fedhas.
  1841 | D:2      | Found a shadowy altar of Dithmenos.
  1844 | D:2      | Found a shattered altar of Ashenzari.
  1863 | D:2      | Reached XP level 4. HP: 27/33 MP: 2/8
  2461 | D:2      | Found a shimmering altar of Xom.
  2465 | D:2      | Reached XP level 5. HP: 38/38 MP: 3/10
  2477 | D:2      | Learned a level 4 spell: Iskenderun's Mystic Blast
  2671 | D:2      | Upgraded the game from 0.20-a0-842-g939b552 to 0.20-a0-850-ge5a7832
  2728 | D:3      | Found a sparkling altar of Nemelex Xobeh.
  3324 | D:4      | Noticed Eustachio
  3799 | D:4      | Killed Eustachio
  3799 | D:4      | Reached skill level 6 in Conjurations
  3799 | D:4      | Reached XP level 6. HP: 35/45 MP: 6/12
  4516 | D:4      | Reached skill level 7 in Conjurations
  4659 | D:5      | Entered Level 5 of the Dungeon
  4696 | D:5      | Noticed Prince Ribbit
  4714 | D:5      | Killed Prince Ribbit
  4714 | D:5      | Your scales start taking on a dull iron-grey colour.
  4714 | D:5      | Reached XP level 7. HP: 35/50 MP: 1/14
  4714 | D:5      | Gained mutation: You can survive without breathing. [Grey Draconian growth]
  4832 | D:5      | Found a staircase to the Ecumenical Temple.
  4841 | Temple   | Entered the Ecumenical Temple
  4920 | Temple   | Became a worshipper of Vehumet
  5003 | D:5      | Reached skill level 5 in Spellcasting
  5003 | D:5      | Reached skill level 8 in Conjurations
  5283 | D:5      | Reached XP level 8. HP: 57/57 MP: 2/16
  5492 | D:5      | Found a glowing golden altar of the Shining One.
  6110 | D:6      | Reached skill level 9 in Conjurations
  6124 | D:6      | Reached * piety under Vehumet
  6124 | D:6      | Offered knowledge of Sting by Vehumet.
  6928 | D:6      | Reached skill level 10 in Conjurations
  7352 | D:7      | Reached XP level 9. HP: 54/62 MP: 15/19
  7641 | D:7      | Offered knowledge of Freeze by Vehumet.
  7897 | D:7      | Reached ** piety under Vehumet
  8086 | D:7      | Reached skill level 11 in Conjurations
  8895 | D:8      | Found an opulent altar of Gozag.
  8952 | D:8      | Noticed a two-headed ogre
  8968 | D:8      | Killed a two-headed ogre
  8968 | D:8      | Reached skill level 12 in Conjurations
  8968 | D:8      | Reached XP level 10. HP: 69/69 MP: 12/22
  9052 | D:8      | Learned a level 1 spell: Freeze
  9102 | D:8      | Found a white marble altar of Elyvilon.
  9187 | D:8      | Found an ancient bone altar of Kikubaaqudgha.
  9208 | D:8      | Noticed Pikel
  9241 | D:8      | Killed Pikel
  9241 | D:8      | Reached skill level 1 in Ice Magic
  9381 | D:8      | Offered knowledge of Throw Flame by Vehumet.
  9684 | D:8      | Reached *** piety under Vehumet
  9700 | D:8      | Paralysed by a hornet for 1 turns
 10017 | D:8      | Found a basalt altar of Yredelemnul.
 10183 | D:9      | Found a radiant altar of Vehumet.
 10199 | D:9      | Got a brightly glowing quarterstaff
 10200 | D:9      | Identified the +11 quarterstaff of Currency {holy, rN+ Int+6} (You found it on level 9 of the Dungeon)
 10260 | D:9      | Found a hazy altar of Hepliaklqana.
 10488 | D:9      | Offered knowledge of Conjure Flame by Vehumet.
 10535 | D:9      | Reached skill level 13 in Conjurations
 10991 | D:9      | Noticed a two-headed ogre
 10997 | D:9      | Killed a two-headed ogre
 11169 | D:10     | Entered Level 10 of the Dungeon
 11223 | D:10     | Reached **** piety under Vehumet
 11644 | D:10     | Offered knowledge of Iskenderun's Battlesphere by Vehumet.
 11666 | D:9      | Reached XP level 11. HP: 72/74 MP: 14/24
 11878 | D:10     | Found Hoaf's Jewellery Boutique.
 11905 | D:10     | Bought a cursed ring of poison resistance for 221 gold pieces
 11958 | D:10     | Found a staircase to the Lair.
 11962 | D:10     | Paralysed by a hornet for 2 turns
 11990 | D:10     | Noticed a two-headed ogre
 12019 | D:10     | Killed a two-headed ogre
 12286 | D:9      | Learned a level 5 spell: Iskenderun's Battlesphere
 12510 | D:10     | Reached skill level 14 in Conjurations
 12648 | D:11     | Found Jepecwea's Jewellery Boutique.
 12921 | D:11     | Reached skill level 5 in Ice Magic
 12946 | D:11     | Noticed an eight-headed hydra
 12955 | D:11     | Killed an eight-headed hydra
 13036 | D:11     | Found Citum's Jewellery Shop.
 13067 | D:11     | Found Roloeh's Magic Scroll Boutique.
 13072 | D:11     | Bought a scroll of fog for 30 gold pieces
 13072 | D:11     | Bought 3 scrolls of identify for 90 gold pieces
 13126 | D:11     | Reached ***** piety under Vehumet
 13126 | D:11     | Offered knowledge of Bolt of Cold by Vehumet.
 13134 | D:11     | Learned a level 6 spell: Bolt of Cold
 13201 | D:11     | Found Tyibb's Magic Scroll Shop.
 13216 | D:11     | Bought a scroll of identify for 32 gold pieces
 13216 | D:11     | Bought a scroll of identify for 32 gold pieces
 13473 | D:11     | Reached skill level 10 in Spellcasting
 13481 | D:11     | Found a staircase to the Orcish Mines.
 13814 | D:10     | Killed an unseen horror
 14320 | D:11     | Noticed a centaur warrior
 14328 | D:11     | Killed a centaur warrior
 14711 | D:11     | Reached XP level 12. HP: 46/81 MP: 6/26
 15079 | D:12     | Learned a level 1 spell: Magic Dart
 15098 | D:12     | Reached skill level 15 in Conjurations
 15359 | D:12     | Noticed Harold
 15367 | D:12     | Killed Harold
 16058 | D:12     | Identified a scroll of acquirement
 16059 | D:12     | Got a fine golden ring
 16061 | D:12     | Identified the ring of Fun {rElec rC++ rN+ Dex-5 Slay+2} (You acquired it on level 12 of the Dungeon)
 16446 | Lair:1   | Entered Level 1 of the Lair of Beasts
 17343 | Lair:2   | Offered knowledge of Venom Bolt by Vehumet.
 18463 | Lair:3   | Found a hole to the Spider Nest.
 18513 | Lair:3   | Noticed an eight-headed hydra
 18518 | Lair:3   | Killed an eight-headed hydra
 19279 | Lair:4   | Noticed an eight-headed hydra
 19285 | Lair:4   | Killed an eight-headed hydra
 19371 | Lair:4   | Reached XP level 13. HP: 64/86 MP: 15/28
 19398 | Lair:4   | Reached skill level 16 in Conjurations
 20033 | Lair:4   | Found a staircase to the Swamp.
 20454 | Lair:4   | Reached skill level 5 in Dodging
 20879 | Lair:5   | Offered knowledge of Yara's Violent Unravelling by Vehumet.
 21264 | Lair:5   | Found a viscous altar of Jiyva.
 21264 | Lair:5   | Found a staircase to the Slime Pits.
 22065 | Lair:6   | Entered Level 6 of the Lair of Beasts
 23790 | Lair:6   | Reached skill level 17 in Conjurations
 24009 | Lair:5   | Reached XP level 14. HP: 77/93 MP: 1/30
 24937 | Lair:6   | Got a fine pewter ring
 24939 | Lair:6   | Identified the ring of Kuoweaxt {rPois Str+3 Slay-6 SInv} (You found it on level 6 of the Lair of Beasts)
 25151 | Lair:6   | Offered knowledge of Ozocubu's Refrigeration by Vehumet.
 25547 | Lair:6   | Found a runed door.
 26492 | Lair:6   | Reached skill level 10 in Ice Magic
 26528 | Lair:6   | Learned a level 6 spell: Ozocubu's Refrigeration
 26966 | Orc:1    | Entered Level 1 of the Orcish Mines
 27207 | D:11     | Learned a level 6 spell: Iron Shot
 27213 | Orc:1    | Reached skill level 1 in Earth Magic
 27742 | Orc:2    | Entered Level 2 of the Orcish Mines
 27742 | Orc:2    | Noticed Josephine
 28218 | Orc:2    | Noticed a stone giant
 28221 | Orc:1    | Killed Josephine
 28518 | Orc:2    | Found a staircase to the Elven Halls.
 28518 | Orc:2    | Noticed Snorg
 28694 | Orc:2    | Killed Snorg
 28695 | Orc:2    | Killed a stone giant
 28704 | Orc:2    | HP: 4/93 [frozen (6)]
 29326 | Orc:1    | Offered knowledge of Poison Arrow by Vehumet.
 29454 | Orc:2    | Noticed Amciq's ghost (journeyman MiFi)
 29546 | Orc:2    | Reached skill level 5 in Earth Magic
 29549 | Orc:2    | Reached XP level 15. HP: 84/99 MP: 16/31
 29785 | Orc:1    | Learned a level 7 spell: Orb of Destruction
 30141 | Orc:2    | Killed Amciq's ghost
 30654 | Orc:1    | Reached skill level 18 in Conjurations
 31150 | Orc:2    | Offered knowledge of Bolt of Fire by Vehumet.
 31421 | Orc:2    | Found Goax's Magic Scroll Shop.
 31421 | Orc:2    | Found Meubank's Antique Weapon Shoppe.
 31421 | Orc:2    | Found Kouphoh's Food Emporium.
 31421 | Orc:2    | Found Vagec's General Store.
 31429 | Orc:2    | Bought a scroll of teleportation for 42 gold pieces
 31431 | Orc:2    | Bought a scroll of identify for 28 gold pieces
 31431 | Orc:2    | Bought a scroll of teleportation for 42 gold pieces
 31431 | Orc:2    | Bought a scroll of identify for 28 gold pieces
 31708 | D:13     | Found a snail-covered altar of Cheibriados.
 31728 | D:13     | Found a labyrinth entrance.
 31750 | Lab      | Entered a labyrinth
 32146 | Lab      | Identified Sif Muna's Tome of Necromancy and the Birds (You acquired it in a labyrinth)
 33158 | D:13     | Found a stormy altar of Qazlal.
 33558 | D:14     | Noticed Louise
 33561 | D:14     | Killed Louise
 35042 | D:14     | Paralysed by a wizard for 3 turns
 35205 | D:14     | Reached XP level 16. HP: 105/105 MP: 5/33
 35496 | D:14     | Reached skill level 1 in Shields
 36004 | D:14     | Got a twitching steel ring
 36027 | D:14     | Identified the ring "Fegh" {rPois rF+ Str+4} (You took it off a human on level 14 of the Dungeon)
 36031 | D:14     | Reached ****** piety under Vehumet
 36259 | D:14     | Reached skill level 10 in Earth Magic
 36599 | D:14     | Found a gate to the Vaults.
 36626 | D:15     | Entered Level 15 of the Dungeon
 36786 | D:15     | Offered knowledge of Conjure Ball Lightning by Vehumet.
 36824 | D:15     | Noticed Agnes
 36827 | D:15     | Killed Agnes
 37845 | D:15     | Found a staircase to the Depths.
 39817 | Swamp:1  | Entered Level 1 of the Swamp
 39991 | Swamp:1  | Offered knowledge of Lehudib's Crystal Spear by Vehumet.
 39991 | Swamp:1  | Offered knowledge of Shatter by Vehumet.
 39991 | Swamp:1  | Offered knowledge of Chain Lightning by Vehumet.
 40873 | Swamp:1  | Noticed Roxanne
 41036 | Swamp:1  | Killed Roxanne
 41141 | Swamp:1  | Identified Roxanne's Collected Works on Shape Shifting (You took it off Roxanne on level 1 of the Swamp)
 41516 | Swamp:1  | Reached XP level 17. HP: 111/111 MP: 34/34
 42818 | Swamp:2  | Noticed Donald
 42823 | Swamp:2  | Killed Donald
 43182 | Swamp:2  | Upgraded the game from 0.20-a0-850-ge5a7832 to 0.20-a0-853-gabbfcfc
 43493 | Swamp:2  | HP: 5/111 [shambling mangrove (34)]
 43493 | Swamp:2  | Slain by a bog body

Vault maps used:
D:1:      sevenhm_arrival_forest_fort_large_2, st_stairs_3,
          minmay_misc_feat_iff, minmay_misc_feat_alley, minmay_crystal_water,
          minivault_14
D:2:      grunt_temple_overflow_open, old_standard_altar
D:3:      nemelex_xobeh_ov_fountains_minmay
D:4:      uniq_eustachio
D:5:      tso_oasis_becter, minmay_temple_entry_junction, first_bread,
          grunt_ministairs_11, uniq_prince_ribbit1
D:8:      kennysheep_ying_yang, nicolae_overflow_crystal_walls,
          grunt_gozag_statues, the_bakery, abandoned_shop, uniq_pikel
D:9:      marbit_many_paths, basic_altar, due_unseen_surprise
D:10:     erik_lair_island, serial_shops, kennysheep_little_box,
          hangedman_corner_corridor
D:11:     hiddenorc2_lemuel, serial_shops,
          nicolae_shop_temple_entry_statues_fountains,
          nicolae_shop_behind_doors, shop_coins, shop_scrolls,
          roderic_serpentine_path
D:12:     uniq_harold
D:13:     lab_entry_generic, basic_altar, cheibriados_altar_1
D:14:     grunt_vaults_entry_tiered, minmay_strange_pillars, minivault_22,
          lightli_wizard_tower, uniq_agnes, uniq_louise
D:15:     grunt_enter_depths_hoard, serial_park_square2
Temple:   jpeg_temple_clearing
Lair:2:   lemuel_fruit_tree
Lair:3:   dummy_spider_entry
Lair:4:   swamp_mist, grunt_forest_large_clearings, serial_bayou_shore_b
Lair:5:   slime_altar_1, serial_bayou_shore_b, grunt_megastairs_2
Lair:6:   hangedman_lair_tendril_chambers, wormcave, st_stairs_7,
          grunt_megastairs_4, serial_bayou_shore_b
Swamp:1:  evilmike_swamp_ruin_rubble_2, uniq_roxanne
Swamp:2:  serial_swamp_ruin, evilmike_swamp_ruin_house_1,
          evilmike_swamp_ruin_house_2, evilmike_swamp_ruin_rubble_1, uniq_donald
Swamp:3:  nicolae_swamp_trees_clearing, uniq_aizul
Orc:2:    st_orc_ogre_mass, uniq_josephine, uniq_snorg
Lab:      labyrinth_mini_lab, labyrinth_skeletal_remains

Skill      XL: |  1  2  3  4  5  6  7  8  9 10 11 12 13 14 15 16 17 |
---------------+----------------------------------------------------+-----
Spellcasting   | 3 4 5 6 8 9 10 11 12 13 14 | 14.0
Conjurations   | 5 6 7 8 10 12 13 14 15 17 18 | 18.9
Ice Magic      | 3 6 7 9 10 11 12 | 12.4
Dodging        | 4 6 7 9 |  9.8
Earth Magic    | 5 9 12 | 12.9
Shields        | 4 |  4.0
Stealth        | |  1.7

Action                   |  1- 3 |  4- 6 |  7- 9 | 10-12 | 13-15 | 16-18 || total
-------------------------+-------+-------+-------+-------+-------+-------++-------
Melee: Unarmed           |    50 |       |       |       |       |       ||    50
       Tailslap          |     1 |     1 |       |     2 |     2 |     1 ||     7
       Spear             |       |    17 |       |       |       |       ||    17
       Rapier            |       |     3 |       |       |       |       ||     3
       Quarterstaff      |       |       |       |    30 |    17 |       ||    47
       Staff             |       |       |       |       |       |     4 ||     4
 Cast: Magic Dart        |    87 |    74 |    83 |   272 |   116 |    13 ||   645
       Searing Ray       |     3 |    21 |    62 |   138 |   125 |    18 ||   367
       Iskenderun's Myst |       |     2 |     7 |   100 |   392 |   342 ||   843
       Freeze            |       |       |       |     5 |    30 |       ||    35
       Iskenderun's Batt |       |       |       |    20 |     7 |       ||    27
       Bolt of Cold      |       |       |       |       |    34 |    25 ||    59
       Ozocubu's Refrige |       |       |       |       |    40 |     8 ||    48
       Orb of Destructio |       |       |       |       |    20 |    40 ||    60
       Iron Shot         |       |       |       |       |     4 |    39 ||    43
Evoke: Wand              |       |       |       |       |     3 |     7 ||    10
  Use: Scroll            |     5 |     4 |     7 |    19 |    13 |     8 ||    56
       Potion            |       |     1 |     2 |     5 |     9 |     2 ||    19
 Stab: Sleeping          |       |       |       |     1 |       |       ||     1
  Eat: Chunk             |     3 |     2 |    11 |    42 |    73 |    54 ||   185
       Bread ration      |     1 |       |       |       |       |       ||     1
       Royal jelly       |       |     2 |     1 |     2 |       |     2 ||     7
       Fruit             |       |       |     1 |     1 |       |       ||     2
Armor: Skin              |    26 |    14 |    37 |   163 |   140 |    68 ||   448
Dodge: Dodged            |    53 |    44 |    41 |   241 |   363 |   115 ||   857
Block: Buckler           |       |       |       |       |       |    22 ||    22
